 Dungeon Crawl Stone Soup version 0.23.0 (webtiles) character file.

Game seed: 7058662152473150805

16 misha the Caller (level 2, 0/23 HPs)
             Began as a Merfolk Wanderer on Feb 17, 2019.
             Slain by a frilled lizard (3 damage)
             ... on level 1 of the Dungeon.
             The game lasted 00:03:43 (981 turns).

misha the Caller (Merfolk Wanderer)                  Turns: 981, Time: 00:03:44

Health: 0/23       AC:  2    Str: 12    XL:     2   Next: 58%
Magic:  3/3        EV:  9    Int: 11    God:
Gold:   14         SH:  7    Dex: 13    Spells: 3/3 levels left

rFire    . . .     SeeInvis .   e - +0 dagger
rCold    . . .     Gourm    .   a - +0 shield
rNeg     . . .     Faith    .   d - +0 robe
rPois    .         Spirit   .   (no helmet)
rElec    .         Reflect  .   (no cloak)
rCorr    .         Harm     .   (no gloves)
MR       .....                  (no boots)
Stlth    +.........             (no amulet)
HPRegen  0.07/turn              (no ring)
MPRegen  0.08/turn              (no ring)

@: no status effects
A: change form in water, swift swim, stealthy swim
a: no special abilities


You were on level 1 of the Dungeon.
You were not hungry.

You visited 1 branch of the dungeon, and saw 1 of its levels.

You collected 14 gold pieces.

Inventory:

Hand Weapons
 e - a +0 dagger (weapon)
 g - a cursed -3 dagger
 h - a cursed -1 club
 k - a +0 hand axe
Missiles
 m - 13 bolts (quivered)
Armour
 a - a +0 shield (worn)
 d - a +0 robe (worn)
 l - a +0 ring mail
 n - a +0 robe
Scrolls
 i - a scroll of immolation {unknown}
Potions
 b - a potion of curing {unknown}
 c - a potion of lignification
 j - 2 potions of heal wounds {unknown}
 o - a potion of mutation {unknown}
Comestibles
 f - a ration


   Skills:
 + Level 2.6 Fighting
 + Level 1.3 Short Blades
 + Level 1.6 Dodging
 + Level 0.1 Stealth
 + Level 1.2 Shields
 + Level 1.1 Spellcasting
   Level 4.0 Summonings
   Level 1.0 Evocations


You had 3 spell levels left.
You didn't know any spells.
Your spell library contained the following spells:

 Spells                   Type           Power        Failure   Level  Hunger
 Passwall                 Tmut/Erth      #.......     96%         2    ###....
 Sticks to Snakes         Tmut           #.......     96%         2    ###....


Dungeon Overview and Level Annotations

Branches:
Dungeon (1/15)

Altars:


Message History

The bat hits you but does no damage. The bat hits you.
You block the bat's attack. The bat closely misses you. The bat hits you. x2
* * * LOW HITPOINT WARNING * * *
The frilled lizard bites you.
* * * LOW HITPOINT WARNING * * *
You block the bat's attack. The bat hits you.
* * * LOW HITPOINT WARNING * * *
The bat hits you.
* * * LOW HITPOINT WARNING * * *
The bat hits you.
* * * LOW HITPOINT WARNING * * *
You block the bat's attack.
You are too injured to fight recklessly!
You closely miss the bat. You block the bat's attack.
The bat closely misses you. The frilled lizard bites you.
You die...

#........................###.#
..).................####.###.##
....................# #......#
........####........#########.###
....?..## ##.......##..#........
.......# #.......##.#.........
.....†.# #.......###.....#.#..
.......## ##........#......#.#..
........####...l@....#.†....#.#..
...............g.....#....#.#.#.#
................b....#...##.#.#.#
#..................#.#.....⌠#.#⌠.
##...................#..#####.###
##................#.........<...
#.......$.....######..#####.###
#.#..........## #.....⌠#.#⌠.
#..........%## #...##.#.#.#


You could see a goblin, a bat and a frilled lizard.

Vanquished Creatures
  2 dart slugs (D:1)
  A leopard gecko (D:1)
  2 goblins (D:1)
  A hobgoblin (D:1)
  A bat (D:1)
  3 frilled lizards (D:1)
  3 rats (D:1)
13 creatures vanquished.

Notes
Turn   | Place    | Note
-------+----------+-------------------------------------------
     0 | D:1      | misha the Merfolk Wanderer began the quest for the Orb.
     0 | D:1      | misha set off with the following items: a +0 shield, a
                  | potion of lignification, a +0 robe, a +0 dagger, a ration;
                  | and the following spells available to memorise: Passwall,
                  | Sticks to Snakes
     0 | D:1      | Reached XP level 1. HP: 16/16 MP: 2/2
   555 | D:1      | Reached XP level 2. HP: 12/23 MP: 3/3
   846 | D:1      | Reached skill level 1 in Short Blades
   981 | D:1      | Slain by a frilled lizard

Skill      XL: |  1  2 |
---------------+-------+-----
Short Blades   | 1 |  1.3
Fighting       | |  2.6
Dodging        | |  1.6
Stealth        | |  0.1
Shields        | |  1.2
Spellcasting   | |  1.1
Summonings     | |  4.0
Evocations     | |  1.0

Action                   || total
-------------------------++-------
Melee: Dagger            ||    56
 Stab: Sleeping          ||     1
Armor: Robe              ||    19
Dodge: Dodged            ||    42
Block: Shield            ||    41
